 Dungeon Crawl Stone Soup version 0.23.2-1-ga50397a (webtiles) character file.

Game seed: 2713985978738777447

1782 Lauz the Carver (level 8, -13/71 HPs)
             Began as a Minotaur Berserker on May 5, 2019.
             Was an Elder of Trog.
             Mangled by an orc warrior
             ... wielding a +4 falchion
              (15 damage)
             ... on level 6 of the Dungeon.
             The game lasted 00:10:55 (4213 turns).

Lauz the Carver (Minotaur Berserker)                Turns: 4213, Time: 00:10:56

Health: -13/71     AC:  7    Str: 25    XL:     8   Next: 81%
Magic:  7/7        EV: 12    Int:  4    God:    Trog [****..]
Gold:   255        SH:  0    Dex:  9    Spells: 7/7 levels left

rFire    . . .     SeeInvis .   m - +0 long sword
rCold    . . .     Gourm    .   (no shield)
rNeg     . . .     Faith    .   r - +0 ring mail
rPois    .         Spirit   .   (helmet restricted)
rElec    .         Reflect  .   k - +0 cloak
rCorr    .         Harm     .   (no gloves)
MR       .....                  (no boots)
Stlth    +.........             (no amulet)
HPRegen  0.21/turn              (no ring)
MPRegen  0.10/turn              (no ring)

@: about to teleport, berserk cooldown, slowed, very slow
A: retaliatory headbutt, horns 2
a: Berserk, Trog's Hand, Brothers in Arms, Renounce Religion


You were on level 6 of the Dungeon.
You worshipped Trog.
Trog was greatly pleased with you.
You were very hungry.

You visited 1 branch of the dungeon, and saw 6 of its levels.

You collected 255 gold pieces.

Inventory:

Hand Weapons
 a - a +0 falchion
 m - a +0 long sword (weapon)
Armour
 b - a +0 animal skin
 k - a +0 cloak (worn)
 n - a +0 plate armour
 r - a +0 ring mail (worn)
 v - a +0 pair of boots
Wands
 x - a wand of random effects (21)
Scrolls
 f - 2 scrolls of blinking {unknown}
 g - a scroll of fog {unknown}
 i - 6 scrolls of identify
 j - a scroll of teleportation
 y - a scroll of silence {unknown}
 z - a scroll of remove curse
 B - a scroll of amnesia {unknown}
Potions
 d - a potion of flight {unknown}
 e - 4 potions of curing
 h - a potion of brilliance {unknown}
 l - a potion of ambrosia {unknown}
 o - a potion of might {unknown}
 p - a potion of lignification {unknown}
 q - a potion of haste
 s - a potion of magic {unknown}
 t - a potion of degeneration {unknown}
 u - a potion of resistance {unknown}
 w - a potion of cancellation {unknown}
Comestibles
 c - 15 rations
 A - a chunk of flesh


   Skills:
 + Level 6.3 Fighting
 * Level 11.1 Long Blades
 + Level 5.7 Armour
 + Level 4.1 Dodging
 + Level 0.4 Stealth


You had 7 spell levels left.
You didn't know any spells.
Your spell library was empty.

Dungeon Overview and Level Annotations

Branches:
Dungeon (6/15)             Temple (0/1) D:5

Altars:
Ashenzari
Fedhas
Wu Jian


Innate Abilities, Weirdness & Mutations

You reflexively headbutt those who attack you in melee.
You have a pair of horns on your head.


Message History

An orc warrior comes into view. It is wielding a +4 falchion.
Things that are here:
a +0 spear; 16 gold pieces; a gnoll corpse A gnoll sergeant comes into view.
It is wielding a +0 trident.
An orc warrior comes into view. It is wielding a +0 long sword.
Press: ? - help, v - describe, . - travel, g - get item A glowing double sword.
The floor.
The orc warrior shouts!
The orc warrior hits you with a +4 falchion!
* * * LOW HITPOINT WARNING * * *
As you read the scroll of teleportation, it crumbles to dust.
You feel strangely unstable.
The orc warrior hits you with a +4 falchion!
* * * LOW HITPOINT WARNING * * *
The orc warrior barely misses you.
The gnoll sergeant hits you from afar with a +0 trident.
* * * LOW HITPOINT WARNING * * *
The orc warrior hits you with a +4 falchion!
You die...

#.......##.# #.#
#..###...#.## #.###
#..#)#....... .....
#..###..... #.##.
#.......# #.##.
#.......# #.##.
##.##..## #.##.
#...)g##########
#.##.
####..o@.......#
##.>..
#.#########.####.....
#>)).................
##############.#.###.
#....##. ###.#### ###


You could see an orc warrior and a gnoll sergeant.

Vanquished Creatures
  Pikel (D:5)
  Menkaure (D:5)
  An ice beast (D:6)
  An orc warrior (D:6)
  2 slaves (D:4)
  3 ogres
  A big kobold (D:4)
  A gnoll sergeant (D:6)
  A bullfrog (D:6)
  A scorpion (D:6)
  A crimson imp (D:5)
  An orc priest (D:4)
  A hound (D:3)
  An orc wizard (D:3)
  A bullfrog skeleton (D:4)
  A centaur skeleton (D:4)
  5 worker ants
  A hound zombie (D:5)
  A hound skeleton (D:4)
  3 gnolls (D:6)
  9 adders
  A howler monkey skeleton (D:4)
  An ooze (D:4)
  An adder skeleton (D:4)
  3 worms
  3 dart slugs
  4 leopard geckos
  15 orcs
  3 bats
  3 giant cockroaches
  7 goblins
  9 hobgoblins
  3 jackals
  A quokka (D:6)
  2 ball pythons
  5 frilled lizards
  A jackal skeleton (D:6)
  A jackal zombie (D:5)
  11 kobolds
  A leopard gecko skeleton (D:6)
  11 rats
  A plant (D:4)
125 creatures vanquished.

Notes
Turn   | Place    | Note
-------+----------+-------------------------------------------
     0 | D:1      | Lauz the Minotaur Berserker began the quest for the Orb.
     0 | D:1      | Reached XP level 1. HP: 19/19 MP: 0/0
   144 | D:1      | Reached skill level 4 in Long Blades
   349 | D:1      | Reached XP level 2. HP: 27/27 MP: 1/1
   364 | D:1      | You fall through a shaft!
   634 | D:2      | Found a blossoming altar of Fedhas.
   692 | D:2      | Reached ** piety under Trog
   722 | D:2      | Reached XP level 3. HP: 29/33 MP: 2/2
  1369 | D:3      | Reached skill level 5 in Long Blades
  1524 | D:3      | Reached XP level 4. HP: 40/40 MP: 3/3
  1998 | D:3      | Reached *** piety under Trog
  2051 | D:3      | Reached skill level 6 in Long Blades
  2051 | D:3      | Reached XP level 5. HP: 47/47 MP: 4/4
  2508 | D:4      | Reached XP level 6. HP: 53/53 MP: 5/5
  2573 | D:4      | Reached skill level 7 in Long Blades
  2931 | D:5      | Entered Level 5 of the Dungeon
  2931 | D:5      | Noticed Pikel
  2931 | D:5      | Noticed a slave
  2931 | D:5      | Noticed a slave
  2931 | D:5      | Noticed a slave
  2931 | D:5      | Noticed a slave
  2942 | D:4      | Killed a slave
  2943 | D:4      | Killed a slave
  3044 | D:5      | Reached skill level 8 in Long Blades
  3044 | D:5      | Reached XP level 7. HP: 45/60 MP: 6/6
  3246 | D:5      | Found a staircase to the Ecumenical Temple.
  3315 | D:5      | Reached **** piety under Trog
  3315 | D:5      | Reached skill level 5 in Fighting
  3573 | D:5      | Killed Pikel
  3573 | D:5      | Reached skill level 9 in Long Blades
  3573 | D:5      | Reached XP level 8. HP: 69/69 MP: 7/7
  3656 | D:5      | Found an ornate altar of the Wu Jian Council.
  3732 | D:5      | Noticed Menkaure
  3739 | D:5      | Killed Menkaure
  3739 | D:5      | Reached skill level 10 in Long Blades
  3739 | D:5      | Reached skill level 5 in Armour
  3993 | D:6      | Found a shattered altar of Ashenzari.
  4194 | D:6      | Reached skill level 11 in Long Blades
  4212 | D:6      | HP: 2/71 [gnoll sergeant/+0 trident (2)]
  4213 | D:6      | Mangled by an orc warrior

Skill      XL: |  1  2  3  4  5  6  7  8 |
---------------+-------------------------+-----
Long Blades    | 4 5 6 8 9 11 | 11.1
Fighting       | 4 5 6 |  6.3
Dodging        | 3 4 |  4.1
Armour         | 3 4 5 |  5.7
Stealth        | |  0.4

Action                   |  1- 3 |  4- 6 |  7- 9 || total
-------------------------+-------+-------+-------++-------
Melee: Falchion          |    61 |       |       ||    61
       Headbutt          |    15 |    29 |    14 ||    58
       Long sword        |    23 |   138 |    66 ||   227
Invok: Berserk           |       |     2 |     2 ||     4
  Use: Scroll            |       |       |     4 ||     4
  Eat: Chunk             |     2 |     6 |     5 ||    13
Armor: Animal skin       |    14 |     1 |       ||    15
       Ring mail         |       |    36 |    11 ||    47
Dodge: Dodged            |    39 |    67 |    34 ||   140
       Rpst.: Falchion   |     7 |       |       ||     7
       Long sword        |     6 |    17 |     8 ||    31
